 Dungeon Crawl Stone Soup version 0.19.1-1-g22dce08 (webtiles) character file.

34 sveltemanboy the Magician (level 3, -7/26 HPs)
             Began as a Draconian Wizard on Jan 3, 2017.
             Killed from afar by Sigmund (10 damage)
             ... with a puff of flame
             ... on level 2 of the Dungeon.
             The game lasted 00:03:36 (1166 turns).

sveltemanboy the Magician (Draconian Wizard)        Turns: 1166, Time: 00:03:37

Health: -7/26      AC:  5    Str:  9    XL:     3   Next: 14%
Magic:  0/7        EV: 12    Int: 19    God:
Gold:   42         SH:  0    Dex:  9    Spells: 2 memorised, 5 levels left

rFire  . . .     SeeInvis .     d - +0 hand axe (curse)
rCold  . . .     Gourm    .     (armour unavailable)
rNeg   . . .     Faith    .     (no shield)
rPois  +         Spirit   .     a - +0 hat
rElec  .         Reflect  .     (no cloak)
rCorr  .         Harm     .     (no gloves)
MR     .....                    (no boots)
Stlth  ++........               g - amulet of rage
                                (no ring)
                                i - ring of poison resistance

@: no status effects
A: unfitting armour, cold-blooded, AC +5
a: Evoke Berserk Rage


You were on level 2 of the Dungeon.
You were not hungry.

You visited 1 branch of the dungeon, and saw 2 of its levels.

You collected 42 gold pieces.

Inventory:

Hand Weapons
 d - a cursed +0 hand axe (weapon)
 e - a cursed -3 short sword
Armour
 a - a +0 hat (worn)
Jewellery
 g - an amulet of rage (around neck)
 i - a ring of poison resistance (left hand)
Scrolls
 j - a scroll of recharging {unknown}
 l - a scroll of fear {unknown}
Books
 b - a book of Minor Magic

   Spells                             Type                      Level
   a - Magic Dart                     Conjuration                  1
   b - Blink                          Translocation                2
   c - Call Imp                       Summoning                    2
   d - Repel Missiles                 Charms/Air                   2
   e - Slow                           Hexes                        2
   f - Conjure Flame                  Conjuration/Fire             3
   g - Mephitic Cloud                 Conjuration/Poison/Air       3
Comestibles
 c - a bread ration
 f - 3 royal jellies
 k - a slice of pizza
 m - 2 beef jerkies


   Skills:
 - Level 1.7 Dodging
 - Level 1.7 Stealth
 - Level 3.0 Spellcasting
 + Level 2.6 Conjurations
 + Level 1.8 Summonings
   Level 1.0 Translocations


You had 5 spell levels left.
You knew the following spells:

 Your Spells              Type           Power        Failure   Level  Hunger
a - Magic Dart            Conj           ##..         8%          1    None
b - Call Imp              Summ           #.......     12%         2    ##.....


Dungeon Overview and Level Annotations

Branches:
Dungeon (2/15)

Altars:

Annotations:
D:2 Sigmund


Innate Abilities, Weirdness & Mutations

Your plain brown scales are hard. (AC +5)
You cannot fit into any form of body armour.
You are cold-blooded and may be slowed by cold attacks.


Message History

Your crimson imp blinks!
Sigmund hits you with a scythe!
* * * LOW HITPOINT WARNING * * *
Casting: Magic Dart
Confirm with . or Enter, or press ? or * to list all spells.
Aiming: Magic Dart
Press: ? - help, Shift-Dir - straight line, f/p - Sigmund
Aim: Sigmund, wielding a scythe and wearing a robe (almost dead)
The magic dart hits Sigmund.
Sigmund is almost dead.
Your shadow imp gestures at Sigmund.
Sigmund barely resists.
The bat hits you but does no damage.
You closely miss Sigmund.
Sigmund is almost dead.
You barely miss the bat.
Your shadow imp disappears in a puff of smoke!
The bat hits you but does no damage. Sigmund gestures at you while chanting.
The puff of flame hits you!
You die...

# #. # #.##+#########
#.#......##....#
##.#......##....# ##
................# ..
.........#...5..###.####
>........'......§.......
.........###....@@§.##
......#'#######5b....#
....###..............#
.....................#
.#.#...................
.#.#...................#
.#.+....................
.###..............#.....
.# ...###......


You could see Sigmund, a bat and 2 friendly crimson imps.

Vanquished Creatures
  Terence (D:2)
  A dart slug (D:1)
  A leopard gecko (D:1)
  A ball python (D:1)
  A giant cockroach (D:1)
  2 goblins (D:1)
  A hobgoblin (D:1)
  4 kobolds (D:1)
  3 bats (D:1)
  2 frilled lizards (D:1)
  A rat (D:1)
18 creatures vanquished.

Notes
Turn   | Place    | Note
-------+----------+-------------------------------------------
     0 | D:1      | sveltemanboy the Draconian Wizard began the quest for the Orb.
     0 | D:1      | Reached XP level 1. HP: 14/14 MP: 4/4
   212 | D:1      | Reached XP level 2. HP: 20/20 MP: 6/6
   227 | D:1      | Learned a level 2 spell: Call Imp
   748 | D:2      | Noticed Terence
   760 | D:2      | HP: 1/20 [Terence/falchion (7)]
   930 | D:2      | Killed Terence
   930 | D:2      | Reached XP level 3. HP: 12/26 MP: 0/7
  1151 | D:2      | Noticed Sigmund
  1166 | D:2      | Killed from afar by Sigmund

Skill      XL: |  1 |
---------------+----+-----
Conjurations   | 2 |  2.6
Dodging        | |  1.7
Stealth        | |  1.7
Spellcasting   | |  3.0
Summonings     | |  1.8
Translocations | |  1.0

Action                   || total
-------------------------++-------
Melee: Hand axe          ||    45
       Tailslap          ||     3
 Cast: Magic Dart        ||    14
       Call Imp          ||    12
 Stab: Sleeping          ||     1
  Eat: Chunk             ||     1
Armor: Skin              ||    15
Dodge: Dodged            ||    28
